 Dungeon Crawl Stone Soup version 0.30.0-29-ga12c61a403 (webtiles) character file.

Game seed: 3574968803927888765

8162 cheesebisquit the Transmogrifier (level 11, -1/102 HPs)
             Began as a Troll Transmuter on June 22, 2023.
             Was a Follower of Wu Jian.
             Slain by Erica
             ... wielding a +3 scimitar of flaming
              (4 damage)
             ... on level 9 of the Dungeon.
             The game lasted 00:33:00 (8329 turns).

cheesebisquit the Transmogrifier (Troll Transmuter) Turns: 8329, Time: 00:33:01

Health: -1/102     AC:  5    Str: 20    XL:     11   Next: 6%
Magic:  5/11       EV: 10    Int: 13    God:    Wu Jian [*.....]
Gold:   432        SH:  0    Dex: 16    Spells: 2/12 levels left

rFire   . .          .
                       - Unarmed
rCold   . . .        (no shield)
rNeg    . . .        a - +0 robe
rPois   .            (helmet currently unavailable)
rElec   .            G - +0 cloak
rCorr   .            (gloves unavailable)
SInv    .            (boots unavailable)
Will    .....        A - amulet of the acrobat
Stlth   +            w - +6 ring of dexterity
HPRegen 1.17/turn    h - +4 ring of slaying
MPRegen 0.12/turn

%: acrobat
@: mighty, appendages
A: horns 2, talons 2, large, unfitting armour, claws 3, regeneration 1, shaggy
fur 1, tough skin 1
a: End Transformation, Renounce Religion


You were on level 9 of the Dungeon.
You worshipped Wu Jian.
Wu Jian was aware of your devotion.
You had temporarily grown beastly horns and talons.
You visited 2 branches of the dungeon, and saw 10 of its levels.

You collected 432 gold pieces.

Inventory:

Hand Weapons
 F - a +0 morningstar
Missiles
 i - 10 large rocks
 r - 9 boomerangs
 s - 3 atropa-tipped darts
 t - 2 throwing nets
 x - a curare-tipped dart
 y - 11 poisoned darts
 D - 3 boomerangs of dispersal
Armour
 a - a +0 robe (worn)
 G - a +0 cloak (worn)
Jewellery
 f - a ring of protection from cold
 h - a +4 ring of slaying (right claw)
 w - a +6 ring of dexterity (left claw)
 A - an amulet of the acrobat (around neck)
Wands
 j - a wand of flame (30)
Scrolls
 e - 5 scrolls of enchant weapon
 g - a scroll of magic mapping {unknown}
 l - 4 scrolls of teleportation {unknown}
 m - 2 scrolls of enchant armour {unknown}
 n - a scroll of identify
 q - a scroll of immolation
 u - a scroll of blinking
 z - a scroll of silence {unknown}
 B - 2 scrolls of fear {unknown}
 C - 2 scrolls of noise {unknown}
Potions
 b - a potion of lignification
 c - 3 potions of attraction
 d - 2 potions of brilliance
 k - a potion of might
 o - a potion of cancellation {unknown}
 p - 2 potions of resistance
 v - a potion of haste {unknown}
 E - a potion of flight {unknown}


   Skills:
 - Level 5.0 Fighting
 - Level 1.5 Dodging
 - Level 5.0 Unarmed Combat
 - Level 1.2 Spellcasting
 - Level 10.0 Transmutations
 + Level 4.4 Ice Magic
 - Level 5.0 Poison Magic


You had 2 spell levels left.
You knew the following spells:

 Your Spells              Type           Power      Damage    Failure   Level
a - Beastly Appendage     Tmut           52%        N/A       1%          1
b - Wereblood             Tmut           26%        N/A       1%          2
c - Spider Form           Tmut/Pois      20%        N/A       3%          3
d - Ice Form              Ice/Tmut       19%        N/A       14%         4

Your spell library contained the following spells:

 Spells                   Type           Power      Damage    Failure   Level
 Passwall                 Tmut/Erth      10%        N/A       5%          2
 Ensorcelled Hibernation  Hex/Ice        12%        N/A       17%         2
 Blink                    Tloc           0%         N/A       38%         2
 Lesser Beckoning         Tloc           0%         N/A       38%         2
 Momentum Strike          Conj/Tloc      0%         3d8       38%         2
 Ozocubu's Armour         Ice            12%        N/A       13%         3
 Swiftness                Air            0%         N/A       63%         3
 Metabolic Englaciation   Hex/Ice        3%         N/A       97%         5
 Simulacrum               Ice/Necr       3%         N/A       100%        6


Dungeon Overview and Level Annotations

Branches:
Dungeon (9/15)             Temple (1/1) D:7
   Lair: D:8-11         Orc: D:9-12

Altars:
Ashenzari
Cheibriados
Dithmenos
Elyvilon
Fedhas
Gozag
Hepliaklqana
Kikubaaqudgha
Makhleb
Nemelex Xobeh
Okawaru
Qazlal
Ru
Sif Muna
Trog
Uskayaw
Vehumet
Wu Jian
Xom
Yredelemnul
Zin
The Shining One

Annotations:
D:9 Erica


Innate Abilities, Weirdness & Mutations

You have temporarily grown beastly horns and talons.
You are too large for most types of armour.
You have claws for hands.
Your natural rate of healing is unusually fast.
You are covered in fur. (AC +1)
You have tough skin. (AC +1)


Message History

You're too confused to cast spells.
You're too confused to cast spells.
You bump into the granite statue.
Your primal bloodlust is almost over.
Erica hits you with a +3 scimitar of flaming.
Erica burns you. Erica barely misses you.
You're too confused to move!
Erica hits you with a +3 scimitar of flaming!
Erica burns you. Erica misses you.
There is an open door, spattered with blood here.
Erica attacks as you move away!
Erica hits you with a +3 scimitar of flaming.
* * * LOW HITPOINT WARNING * * *
Erica burns you.
* * * LOW HITPOINT WARNING * * *
There is an open door, spattered with blood here.
You feel very mighty all of a sudden.
You feel less confused.
Erica points at you and mumbles some strange words.
You resist with significant effort.
You claw Erica!
Erica is moderately wounded.
Your primal bloodlust has ended.
Erica hits you with a +3 scimitar of flaming!
* * * LOW HITPOINT WARNING * * *
Erica burns you.
* * * LOW HITPOINT WARNING * * *
Casting: Beastly Appendage (safe; 1% risk of failure)
Press: ? - help, Q - select action, (/) - cycle Dir - look around, f - activate
Okay, then.
Okay, then.
Okay, then.
Casting: Beastly Appendage (safe; 1% risk of failure)
Press: ? - help, Q - select action, (/) - cycle Dir - look around, f - activate You grow a pair of large bovine horns.
Your feet morph into talons.
Erica hits you with a +3 scimitar of flaming!
* * * LOW HITPOINT WARNING * * *
Erica burns you.
You die...

#.........#.........
#####.#########.####
#.# ##.c.## #.#
#.....## +#.#+
#...#...#
#.#####'.'####...###...
........8.......# ##..
#.####@.'####...###...
#..@#.#'..##...#.).#
#?$.#.#...# #....)##
#??.#.#.).# ##...##
######.##### ###.###
............###.....##
.......###..##.......#
..###..###..#...#.#...
#.......#..##.##..
...#'###......#....


You could see Erica.

Vanquished Creatures
  A two-headed ogre (D:8)
  An ugly thing (D:9)
  A cyclops (D:9)
  A manticore (D:9)
  A gargoyle (D:9)
  2 hornets
  A wyvern (D:9)
  12 yaks
  2 steam dragons
  A basilisk (D:9)
  Menkaure (D:4)
  An acid dragon (D:9)
  3 orc warriors (D:9)
  2 sky beasts
  2 ice beasts (D:6)
  2 black bears
  A centaur (D:9)
  An ogre (D:5)
  A phantom (D:5)
  2 kobold brigands (D:9)
  2 gnoll sergeants
  5 scorpions
  6 wights (D:9)
  5 killer bees (D:9)
  3 howler monkeys (D:9)
  3 hounds
  4 orc priests
  2 gnoll boudas
  Jessica (D:2)
  2 iguanas
  Ijyb (D:3)
  Terence (D:2)
  7 orc wizards
  A killer bee simulacrum (D:9)
  Robin (D:2)
  7 adders
  24 gnolls
  A shadow imp (D:6)
  3 white imps
  An ufetubus (D:7)
  A worm (D:2)
  3 dart slugs
  33 orcs
  5 endoplasms
  3 giant cockroaches
  14 goblins
  8 hobgoblins
  5 quokkas
  3 ball pythons
  3 bats
  2 frilled lizards (D:2)
  11 kobolds
  4 rats
  A spectral kobold (D:1)
215 creatures vanquished.

Notes
Turn   | Place    | Note
-------+----------+-------------------------------------------
     0 | D:1      | cheesebisquit the Troll Transmuter began the quest for the
                  | Orb.
     0 | D:1      | Reached XP level 1. HP: 18/18 MP: 1/1
    99 | D:1      | Reached skill level 2 in Transmutations
    99 | D:1      | Reached XP level 2. HP: 22/26 MP: 0/2
   252 | D:1      | Found a faded altar of an unknown god.
   426 | D:1      | Reached XP level 3. HP: 32/32 MP: 1/3
   574 | D:2      | Noticed Robin
   575 | D:2      | Noticed Jessica
   741 | D:2      | Reached skill level 3 in Transmutations
   789 | D:2      | Reached XP level 4. HP: 30/40 MP: 2/4
   791 | D:2      | Noticed Terence
   802 | D:2      | Killed Terence
   894 | D:2      | Killed Robin
   990 | D:2      | Reached XP level 5. HP: 46/46 MP: 3/5
   994 | D:2      | Reached skill level 4 in Transmutations
  1014 | D:1      | Learned a level 2 spell: Wereblood
  1018 | D:1      | Learned a level 3 spell: Spider Form
  1048 | D:2      | Killed Jessica
  1230 | D:2      | Found a sacrificial altar of Ru.
  1241 | D:2      | You fall into a shaft and drop 2 floors!
  1258 | D:4      | Noticed Menkaure
  1265 | D:4      | Killed Menkaure
  1266 | D:4      | Reached XP level 6. HP: 54/54 MP: 2/6
  1386 | D:4      | Reached skill level 5 in Transmutations
  2622 | D:3      | Noticed Ijyb
  2995 | D:3      | Killed Ijyb
  3416 | D:5      | Entered Level 5 of the Dungeon
  3460 | D:5      | Reached XP level 7. HP: 48/61 MP: 5/7
  3654 | D:5      | Reached skill level 6 in Transmutations
  3659 | D:5      | Found a glowing golden altar of the Shining One.
  3898 | D:5      | Reached skill level 7 in Transmutations
  4235 | D:6      | Reached XP level 8. HP: 68/68 MP: 6/8
  4450 | D:6      | Reached skill level 8 in Transmutations
  4532 | D:6      | Reached skill level 9 in Transmutations
  4537 | D:6      | HP: 1/68 [yak (15)]
  4549 | D:6      | Reached XP level 9. HP: 26/75 MP: 9/9
  4743 | D:6      | Found an ancient bone altar of Kikubaaqudgha.
  4743 | D:6      | Found a shimmering altar of Xom.
  5458 | D:7      | Reached skill level 10 in Transmutations
  5742 | D:7      | Reached skill level 1 in Poison Magic
  6226 | D:7      | Found a staircase to the Ecumenical Temple.
  6235 | Temple   | Entered the Ecumenical Temple
  6358 | Temple   | Became a worshipper of the Wu Jian Council
  6634 | D:8      | Noticed a two-headed ogre
  6881 | D:8      | Killed a two-headed ogre
  6953 | D:8      | Paralysed by a hornet for 2 turns
  6956 | D:8      | HP: 2/75 [hornet (10)]
  6956 | D:8      | Paralysed by a hornet for 1 turns
  7380 | D:8      | Found a hazy altar of Hepliaklqana.
  7420 | D:8      | Reached skill level 5 in Poison Magic
  7420 | D:8      | Reached XP level 10. HP: 83/83 MP: 7/10
  7587 | D:9      | Learned a level 4 spell: Ice Form
  7624 | D:9      | Reached skill level 5 in Unarmed Combat
  7624 | D:9      | Reached skill level 1 in Fighting
  7720 | D:9      | Reached * piety under Wu Jian
  7787 | D:9      | Reached skill level 5 in Fighting
  7802 | D:9      | Reached skill level 1 in Ice Magic
  7899 | D:9      | Noticed a brown ugly thing
  7930 | D:9      | HP: 2/96 [acid (9)]
  7977 | D:9      | Killed a brown ugly thing
  8202 | D:9      | Noticed a gargoyle
  8208 | D:9      | Killed a gargoyle
  8290 | D:9      | Noticed a cyclops
  8290 | D:9      | Noticed a manticore
  8299 | D:9      | Killed a cyclops
  8300 | D:9      | Reached XP level 11. HP: 91/102 MP: 3/11
  8310 | D:9      | Noticed Erica
  8329 | D:9      | HP: 3/102 [Erica/+3 scimitar of flaming (11)]
  8329 | D:9      | Slain by Erica

Illustrated notes

Levels and vault maps discovered:
D:1:      kennysheep_arrival_forest, layout_rooms,
          dreamdust_ecumenical_altar_drowned_temple
D:2:      layout_basic, basic_altar, hangedman_decor_riveting, uniq_robin,
          uniq_terence, uniq_jessica
D:3:      layout_loops_corners, uniq_ijyb
D:4:      layout_basic, sigmund_army, uniq_menkaure
D:5:      layout_gridville, nicolae_tso_carved_into_rock,
          corexii_item_surrounded_by_moat
D:6:      layout_loops_ring, gammafunk_temple_overflow_pools
D:7:      layout_layer_cave, minmay_temple_entry_antechambers,
          kennysheep_generic_room_13
D:8:      layout_basic, nicolae_hepliaklqana_hippocampus
D:9:      minmay_the_grid_net [minmay_the_grid_gridbox,
          minmay_the_grid_plusring, minmay_the_grid_square_x,
          minmay_the_grid_mess, minmay_the_grid_outer_diamond,
          minmay_the_grid_prize_four_corners], layout_stronghold,
          minmay_orc_entry_temple_small, uniq_erica
Temple:   dpeg_five_rooms_temple

Skill      XL: |  1  2  3  4  5  6  7  8  9 10 |
---------------+-------------------------------+-----
Transmutations | 2 3 4 5 7 9 10 | 10.0
Poison Magic   | 5 |  5.0
Unarmed Combat | 5 |  5.0
Fighting       | 5 |  5.0
Ice Magic      | 4 |  4.4
Dodging        | |  1.5
Spellcasting   | |  1.2

Action                     |  1- 3 |  4- 6 |  7- 9 | 10-12 || total
---------------------------+-------+-------+-------+-------++-------
  Melee: Unarmed           |    55 |    99 |   213 |   148 ||   515
         Kick              |     6 |    24 |    75 |    32 ||   137
         Headbutt          |     6 |     6 |    46 |    25 ||    83
         Punch             |       |       |     6 |     2 ||     8
   Cast: Beastly Appendage |    16 |    30 |    36 |    10 ||    92
         Wereblood         |       |     3 |    15 |     7 ||    25
         Spider Form       |       |       |     1 |     4 ||     5
Ability: Lunge             |       |       |       |     8 ||     8
    Use: Scroll            |       |     6 |     5 |     3 ||    14
         Potion            |       |       |     6 |     2 ||     8
 Armour: Robe              |    11 |    26 |    40 |    24 ||   101
         Skin              |       |       |       |     6 ||     6
  Dodge: Dodged            |    20 |    44 |   123 |    91 ||   278
